Map: At Eternity's Edge LE

Players

SialicAcid

  • Race: Terran Terran
  • League: Diamond

인공지능 칸 (정예) - Winner!

  • Race: Zerg Zerg

VOD

Have the link to the VOD?

Description

Time

  • Played on: Sept. 22, 2026, 7:14 p.m.
  • Length: 6:43
Show
View Real Time Build Order
Export as new Build Order

SialicAcid Terran 

Build Orders: Reaper Expand, Hellion Banshee 

Get SALT Encoding   

  12  0:00  SCV  
  13  0:12  SCV  
  14  0:17  Supply Depot  
  14  0:24  SCV  
  15  0:39  SCV  
  15  0:40  Barracks  
  16  0:44  Refinery  
  16  0:51  SCV  
  17  1:03  SCV  
  18  1:15  SCV  
  19  1:26  Reaper  
  19  1:27  Orbital Command  
  20  1:39  Command Center  
  20  1:49  Supply Depot  
  20  1:53  SCV  
  21  2:00  Marine  
  22  2:08  SCV, Factory  
  23  2:20  SCV  
  23  2:22  Barracks Reactor  
  24  2:32  SCV  
  25  2:40  Command Center  
  26  2:44  SCV  
  26  2:52  Orbital Command  
  26  2:56  SCV  
  27  3:01  Starport  
  27  3:07  Hellion  
  27  3:08  SCV  
  32  3:13  Hellion  
  32  3:17  Barracks Tech Lab  
  32  3:21  SCV  
  32  3:22  SCV  
  34  3:27  Refinery  
  34  3:30  Hellion  
  34  3:33  SCV  
  39  3:34  Hellion  
  39  3:35  SCV  
  39  3:38  Supply Depot  
  40  3:45  SCV  
  40  3:47  Banshee  
  44  3:54  Orbital Command  
  44  3:57  Hellion  
  44  3:58  SCV  
  44  4:00  Hellion  
  44  4:02  SCV  
  50  4:10  Barracks Tech Lab  
  50  4:12  Cloaking Field  
  50  4:13  SCV  
  51  4:18  SCV  
  52  4:26  SCV x2  
  52  4:28  Barracks  
  52  4:30  SCV  
  52  4:31  Barracks  
  55  4:32  Factory Reactor  
  55  4:34  Refinery  
  55  4:35  Refinery  
  53  4:38  Banshee  
  53  4:40  SCV x2  
  53  4:44  SCV  
  59  4:48  Supply Depot  
  59  4:53  SCV x2  
  59  4:54  Engineering Bay  
  59  4:56  Engineering Bay  
  59  4:57  Stimpack  
  61  5:00  SCV  
  63  5:07  SCV x2  
  62  5:16  SCV  
  62  5:19  SCV  
  64  5:25  Marine  
  64  5:26  Marine x2  
  67  5:30  SCV  
  67  5:32  Supply Depot  
  67  5:34  Marine x2  
  70  5:37  SCV  
  70  5:39  Supply Depot  
  70  5:41  Starport Reactor  
  72  5:42  SCV  
  72  5:43  Marine  
  72  5:44  Marine, Siege Tank  
  77  5:50  Supply Depot  
  77  5:51  Orbital Command  
  77  5:53  Marine  
  77  5:54  SCV  
  77  5:56  Marine x2  
  81  6:01  Marine  
  82  6:05  Marine  
  82  6:09  SCV x2  
  85  6:12  Marine  
  85  6:13  Marine  
  87  6:21  SCV  
  87  6:23  Marine x3  
  87  6:24  Armory  
  95  6:29  SCV x2  
  99  6:37  Barracks x2  
  99  6:39  Factory  
Show
View Real Time Build Order
Export as new Build Order

인공지능 칸 (정예) Zerg - Winner!

Build Orders: Pool First 

Get SALT Encoding   

  12  0:00  Drone  
  13  0:12  Overlord  
  13  0:16  Drone  
  14  0:30  Drone x2  
  16  0:42  Spawning Pool  
  15  0:44  Drone  
  15  0:48  Drone  
  17  1:12  Hatchery, Drone  
  17  1:15  Extractor  
  17  1:16  Drone  
  17  1:19  Drone  
  18  1:28  Drone  
  19  1:38  Overlord  
  19  1:47  Queen  
  19  1:49  Drone  
  22  2:00  Zergling x2  
  23  2:10  Drone  
  24  2:21  Drone  
  25  2:23  Queen  
  25  2:24  Roach Warren  
  25  2:26  Extractor  
  25  2:29  Drone  
  25  2:35  Drone  
  25  2:40  Zergling x2  
  25  2:45  Drone  
  25  2:47  Drone  
  27  2:55  Overlord  
  27  2:58  Drone  
  27  3:01  Drone  
  27  3:05  Drone  
  30  3:09  Drone  
  30  3:12  Drone  
  32  3:16  Zergling x2  
  32  3:18  Zergling x2  
  34  3:25  Roach  
  36  3:27  Roach  
  36  3:30  Roach  
  42  3:34  Roach  
  42  3:37  Drone  
  43  3:43  Overlord  
  43  3:51  Lair  
  43  3:55  Metabolic Boost  
  43  4:01  Drone x2  
  45  4:03  Drone  
  45  4:05  Drone  
  45  4:08  Drone  
  48  4:10  Drone  
  48  4:12  Drone  
  48  4:15  Drone  
  51  4:19  Overlord  
  51  4:25  Evolution Chamber, Drone  
  51  4:31  Evolution Chamber, Drone  
  51  4:32  Zergling x2  
  51  4:33  Drone  
  51  4:37  Drone x2  
  54  4:43  Drone  
  54  4:45  Drone  
  56  4:46  Drone  
  56  4:49  Zergling x2  
  56  4:50  Drone  
  58  4:54  Infestation Pit, Drone  
  58  5:03  Overlord  
  58  5:08  Hydralisk Den  
  58  5:11  Drone  
  58  5:13  Drone  
  58  5:21  Overlord, Drone  
  58  5:22  Extractor, Roach, Drone  
  58  5:24  Drone  
  58  5:25  Drone  
  58  5:27  Drone  
  64  5:28  Overseer  
  64  5:31  Roach  
  66  5:38  Hydralisk  
  66  5:39  Hydralisk, Zergling x2  
  66  5:40  Roach, Overlord  
  72  5:43  Hydralisk  
  72  5:46  Hydralisk  
  72  5:48  Drone  
  72  5:49  Drone  
  76  5:55  Roach  
  76  5:58  Hydralisk  
  76  5:59  Roach, Extractor  
  76  6:01  Overlord  
  74  6:07  Zergling x2  
  74  6:08  Hydralisk, Roach  
  74  6:10  Roach  
  81  6:12  Zergling x2  
  81  6:17  Roach x2  
  81  6:20  Overlord, Roach  
  81  6:24  Drone  
  82  6:29  Drone  
  83  6:33  Ravager  
  88  6:42  Ravager  
Tags
 
Add a new tag
Caveats
  • Supply blocks, unpowered buildings, or Contaminate may cause inaccurate times.
  • Supply counts are checked every 10 seconds.